 Dungeon Crawl Stone Soup version 0.31.0-11-ge490571c62 (webtiles) character file.

Game seed: 17861131086129188385

758 qw the Skirmisher (level 7, -2/40 HPs)
             Began as a Deep Elf Hunter on Feb 4, 2024.
             Slain by a troll (7 damage)
             ... on level 5 of the Dungeon.
             The game lasted 00:00:16 (3027 turns).

qw the Skirmisher (Deep Elf Hunter)                 Turns: 3027, Time: 00:00:16

Health: -2/40      AC: 10    Str: 10    XL:     7   Next: 50%
Magic:  9/9        EV: 11    Int: 17    God:
Gold:   218        SH:  0    Dex: 18    Spells: 6/6 levels left

rFire   . . .        a - +0 shortbow
rCold   . . .        (shield currently unavailable)
rNeg    . . .        d - +0 ring mail
rPois   .            c - +2 helmet {Int+3}
rElec   .            i - +0 cloak
rCorr   .            (no gloves)
SInv    .            b - +0 pair of boots
Will    .....        (no amulet)
Stlth   +            (no ring)
HPRegen 0.26/turn    (no ring)
MPRegen 0.11/turn

%: no passive effects
@: no status effects
A: no striking features
a: no special abilities


You were on level 5 of the Dungeon.
You visited 1 branch of the dungeon, and saw 5 of its levels.

You collected 218 gold pieces.


   Skills:
 - Level 2.1 Fighting
 + Level 11.5 Ranged Weapons
 - Level 1.0 Armour
 - Level 3.0 Dodging
 - Level 1.2 Stealth


You had 6 spell levels left.
You didn't know any spells.
Your spell library was empty.

Inventory:

Hand Weapons
 a - a +0 shortbow (weapon)
Armour
 b - a +0 pair of boots (worn)
 c - a +2 helmet of intelligence (worn)
 d - a +0 ring mail (worn)
 i - a +0 cloak (worn)
Scrolls
 h - a scroll of teleportation
Potions
 e - a potion of mutation
 f - 2 potions of curing
 g - a potion of might
 k - a potion of resistance {unknown}

Dungeon Overview and Level Annotations

Branches:
Dungeon (5/15)
 Temple: D:4-7

Altars:
Ashenzari
Gozag
Ru
Uskayaw
The Shining One

Shops:
D:2 =


Message History

The troll suddenly stops moving!
3003 ||| FLEEEEING.
3004 ||| FLEEEEING.
3005 ||| FLEEEEING.
You start resting.
A troll is nearby!
3012 ||| FLEEEEING.
3013 ||| FLEEEEING.
3014 ||| FLEEEEING.
3015 ||| FLEEEEING.
3016 ||| FLEEEEING.
You start resting.
A troll is nearby!
3018 ||| FLEEEEING.
3019 ||| FLEEEEING.
3020 ||| FLEEEEING.
3021 ||| FLEEEEING.
3022 ||| FLEEEEING.
3023 ||| FLEEEEING.
There is a stone staircase leading up here.
You start resting.
A troll is nearby!
3025 ||| ZAPPING wand of paralysis (3) at 1,-1 (troll; floor).
Aiming: Paralyse
Press: ? - help, Q - select action, (/) - cycle Shift-Dir - straight line, f/p - troll The troll resists with some effort.
The troll barely misses you. The troll claws you! x2
3026 ||| ZAPPING wand of paralysis (2) at 1,-1 (troll; floor).
Aiming: Paralyse
Press: ? - help, Q - select action, (/) - cycle Shift-Dir - straight line, f/p - troll The troll resists with some effort.
The troll bites you but does no damage. The troll claws you.
The troll claws you but does no damage.
3027 ||| ZAPPING wand of paralysis (1) at 1,-1 (troll; floor).
Aiming: Paralyse
Press: ? - help, Q - select action, (/) - cycle Shift-Dir - straight line, f/p - troll The troll resists with some effort.
The now-empty wand crumbles to dust.
The troll bites you! The troll claws you but does no damage.
The troll claws you!
You die...

##...## #.#
#......# ##.....
#.#######.##
...... #.....#...#
.... #####.#.#.#
... #....#.# #.#
#..###.# #.#####
#..T...# #.T...##
#.###T.# #%###..#
#.##@.##
##.####.###.##..#
##...###.T...#..##
##.....##.#####..#
.......##.# #...#
##.....##.####.###
##...###......###
#####..........#
............#


You could see a troll.

Vanquished Creatures
  A water moccasin (D:5)
  A black bear (D:5)
  2 scorpions (D:5)
  2 howler monkeys
  A gnoll bouda (D:5)
  3 hounds (D:5)
  An iguana (D:5)
  Ijyb (D:4)
  Robin (D:3)
  10 adders
  An ufetubus (D:5)
  2 dart slugs (D:1)
  6 orcs
  7 ball pythons
  8 endoplasms
  4 giant cockroaches
  11 goblins
  12 hobgoblins
  2 jackals (D:1)
  8 kobolds
  5 quokkas
  4 bats
  4 frilled lizards
  2 rats
99 creatures vanquished.

Notes
Turn   | Place    | Note
-------+----------+-------------------------------------------
     0 | D:1      | qw the Deep Elf Hunter began the quest for the Orb.
     0 | D:1      | Reached XP level 1. HP: 12/12 MP: 3/3
     0 | D:1      | 0 ||| qw: Version: 0.3-a-160-g6735b56
     0 | D:1      | 0 ||| qw: Game counter: 5439
     0 | D:1      | 0 ||| qw: Melee chars always use a shield: true
     0 | D:1      | 0 ||| qw: God list: Okawaru
     0 | D:1      | 0 ||| qw: Allow faded altars: false
     0 | D:1      | 0 ||| qw: Do Orc after clearing Dungeon:15 true
     0 | D:1      | 0 ||| qw: Do second Lair branch before Depths: true
     0 | D:1      | 0 ||| qw: Lair rune preference: random
     0 | D:1      | 0 ||| qw: Goals: Normal
     0 | D:1      | 0 ||| PLANNING D:1-11
   130 | D:1      | Reached XP level 2. HP: 16/16 MP: 4/4
   143 | D:1      | Reached skill level 6 in Ranged Weapons
   299 | D:1      | Reached XP level 3. HP: 20/20 MP: 5/5
   653 | D:1      | 653 ||| UPGRADING to +0 ring mail.
   663 | D:1      | 663 ||| DROPPING +0 leather armour.
   664 | D:1      | 664 ||| DROPPING scroll of butterflies.
   683 | D:2      | Reached skill level 7 in Ranged Weapons
   764 | D:2      | Reached XP level 4. HP: 25/25 MP: 6/6
   877 | D:2      | Found Nilluita's Jewellery Shop.
   880 | D:2      | 880 ||| SHOPLISTING amulet of guardian spirit (420 gold,
                  | have 54).
   880 | D:2      | 880 ||| SHOPLISTING ring of fire (350 gold, have 54).
   880 | D:2      | 880 ||| SHOPLISTING ring of ice (350 gold, have 54).
   962 | D:2      | You fall into a shaft and drop 2 floors!
  1054 | D:4      | Noticed Ijyb
  1060 | D:4      | Paralysed by Ijyb for 4 turns
  1071 | D:4      | Killed Ijyb
  1072 | D:4      | Reached skill level 8 in Ranged Weapons
  1128 | D:4      | 1128 ||| UPGRADING to +2 helmet of intelligence.
  1133 | D:4      | 1133 ||| UPGRADING to +0 cloak.
  1138 | D:4      | 1138 ||| READING 2 scrolls labelled NAOVIORHIE.
  1138 | D:4      | 1138 ||| IDENTIFYING glowing silvery potion
  1139 | D:4      | 1139 ||| READING scroll of identify.
  1139 | D:4      | 1139 ||| IDENTIFYING smoky pink potion
  1140 | D:4      | 1140 ||| READING scroll labelled GIOKESTR MAREOTH.
  1141 | D:4      | 1141 ||| DRINKING 2 fuming green potions.
  1142 | D:4      | 1142 ||| DRINKING 2 glowing amethyst potions.
  1143 | D:4      | 1143 ||| DROPPING potion of attraction.
  1145 | D:4      | 1145 ||| Stepping ~*~*~tactically~*~*~ (cloud).
  1257 | D:3      | Found a glowing golden altar of the Shining One.
  1307 | D:3      | Found a hide-covered altar of Uskayaw.
  1373 | D:3      | Reached XP level 5. HP: 29/29 MP: 7/7
  1405 | D:3      | 1405 ||| READING scroll of identify.
  1405 | D:3      | 1405 ||| IDENTIFYING scroll labelled VUUTRA RUAS
  1406 | D:3      | 1406 ||| READING scroll labelled NAPPAAKHEO.
  1848 | D:2      | 1848 ||| UPGRADING to +0 pair of boots.
  1853 | D:2      | 1853 ||| READING 3 scrolls labelled TIZAOR TAGREUN.
  1854 | D:2      | 1854 ||| DROPPING 2 scrolls of revelation.
  1951 | D:3      | Found an opulent altar of Gozag.
  1960 | D:3      | Noticed Robin
  1990 | D:3      | Killed Robin
  1991 | D:3      | Reached skill level 1 in Armour
  2426 | D:3      | Found a broken altar of Ashenzari.
  2427 | D:3      | 2427 ||| READING scroll of identify.
  2427 | D:3      | 2427 ||| IDENTIFYING scroll labelled SAPETHR LUIRPH
  2428 | D:3      | 2428 ||| READING scroll labelled XOHAIT HAATS.
  2429 | D:3      | 2429 ||| READING scroll labelled MUDIRA YNO LEZUVIN.
  2430 | D:3      | 2430 ||| DROPPING scroll of summoning.
  2536 | D:4      | Reached skill level 9 in Ranged Weapons
  2720 | D:4      | 2720 ||| READING scroll of identify.
  2720 | D:4      | 2720 ||| IDENTIFYING scroll labelled TELIEMPOJIG
  2721 | D:4      | 2721 ||| DROPPING scroll of silence.
  2746 | D:5      | Entered Level 5 of the Dungeon
  2759 | D:5      | Reached XP level 6. HP: 35/35 MP: 8/8
  2760 | D:5      | Found a sacrificial altar of Ru.
  2855 | D:5      | Noticed a water moccasin
  2856 | D:5      | 2856 ||| RETREEEEATING.
  2858 | D:5      | 2858 ||| RETREEEEATING.
  2868 | D:5      | Reached skill level 10 in Ranged Weapons
  2873 | D:5      | Reached skill level 3 in Dodging
  2873 | D:5      | 2873 ||| ZAPPING wand of paralysis (8) at -1,0 (water
                  | moccasin; open_door).
  2874 | D:5      | 2874 ||| ZAPPING wand of paralysis (7) at -1,0 (water
                  | moccasin; open_door).
  2880 | D:5      | Killed a water moccasin
  2881 | D:5      | Reached XP level 7. HP: 40/40 MP: 9/9
  2966 | D:5      | Noticed a troll
  2969 | D:5      | Reached skill level 11 in Ranged Weapons
  2972 | D:5      | 2972 ||| ZAPPING wand of paralysis (6) at -1,0 (troll;
                  | floor).
  2973 | D:5      | 2973 ||| ZAPPING wand of paralysis (5) at -1,0 (troll;
                  | floor).
  2974 | D:5      | 2974 ||| FLEEEEING.
  2975 | D:5      | 2975 ||| FLEEEEING.
  2976 | D:5      | 2976 ||| FLEEEEING.
  2977 | D:5      | 2977 ||| FLEEEEING.
  2989 | D:5      | 2989 ||| RETREEEEATING.
  2990 | D:5      | 2990 ||| RETREEEEATING.
  2991 | D:5      | 2991 ||| RETREEEEATING.
  2992 | D:5      | 2992 ||| RETREEEEATING.
  3002 | D:5      | 3002 ||| ZAPPING wand of paralysis (4) at -1,0 (troll;
                  | open_door).
  3003 | D:5      | 3003 ||| FLEEEEING.
  3004 | D:5      | 3004 ||| FLEEEEING.
  3005 | D:5      | 3005 ||| FLEEEEING.
  3012 | D:5      | 3012 ||| FLEEEEING.
  3013 | D:5      | 3013 ||| FLEEEEING.
  3014 | D:5      | 3014 ||| FLEEEEING.
  3015 | D:5      | 3015 ||| FLEEEEING.
  3016 | D:5      | 3016 ||| FLEEEEING.
  3018 | D:5      | 3018 ||| FLEEEEING.
  3019 | D:5      | 3019 ||| FLEEEEING.
  3020 | D:5      | 3020 ||| FLEEEEING.
  3021 | D:5      | 3021 ||| FLEEEEING.
  3022 | D:5      | 3022 ||| FLEEEEING.
  3023 | D:5      | 3023 ||| FLEEEEING.
  3025 | D:5      | 3025 ||| ZAPPING wand of paralysis (3) at 1,-1 (troll;
                  | floor).
  3026 | D:5      | 3026 ||| ZAPPING wand of paralysis (2) at 1,-1 (troll;
                  | floor).
  3027 | D:5      | 3027 ||| ZAPPING wand of paralysis (1) at 1,-1 (troll;
                  | floor).
  3027 | D:5      | HP: 5/40 [troll (8)]
  3027 | D:5      | Slain by a troll

Levels and vault maps discovered:
D:1:      shiori_arrival_oz, layout_rooms, serial_corexii_hall,
          chequers_hall_statues_y, chequers_hall_statues_y,
          corexii_hall_statues_l, corexii_hall_statues_x
D:2:      layout_loops_cross, serial_shops, nicolae_shop_real_fake_doors
D:3:      layout_basic, nicolae_gozag_seed_capital, nicolae_uskayaw_dance_hall,
          mainiacjoe_overflow_swirl, uniq_robin
D:4:      layout_rooms, uniq_ijyb
D:5:      minmay_octagon_keep, layout_basic, nicolae_ru_awakened_eye,
          wad_rectangle_vault

Skill      XL: |  1  2  3  4  5  6  7 |
---------------+----------------------+-----
Ranged Weapons | 6 7 8 9 10 11 | 11.5
Armour         | 1 |  1.0
Fighting       | 2 |  2.1
Dodging        | 3 |  3.0
Stealth        | |  1.2

Action                     |  1- 3 |  4- 6 |  7- 9 || total
---------------------------+-------+-------+-------++-------
   Fire: Shortbow          |   103 |   207 |    30 ||   340
  Evoke: Wand              |       |     2 |     6 ||     8
    Use: Scroll            |       |    10 |       ||    10
         Potion            |       |     2 |       ||     2
 Armour: Leather armour    |    23 |       |       ||    23
         Ring mail         |     7 |    77 |    30 ||   114
  Dodge: Dodged            |    39 |    77 |    19 ||   135

Table legend:
 A = Non-vault XP
 B = Vault XP
 C = Vault XP percentage of total XP
 D = Non-vault monster count
 E = Vault monster count
 F = Vault count percentage of total count
                 A         B        C        D         E       F
            +---------+---------+-------+---------+---------+-------
      Total |     404 |     680 |  62.7 |      75 |      24 |  24.2
            +---------+---------+-------+---------+---------+-------
        D:1 |      53 |       2 |   3.6 |      27 |       1 |   3.6
        D:2 |     116 |       0 |   0.0 |      20 |       0 |   0.0
        D:3 |      30 |      39 |  56.5 |      15 |      13 |  46.4
        D:4 |     105 |      32 |  23.4 |      10 |       1 |   9.1
        D:5 |     100 |     607 |  85.9 |       3 |       9 |  75.0
            +---------+---------+-------+---------+---------+-------
